 Dungeon Crawl Stone Soup version 0.26.0-18-gc5c842f807 (webtiles) character file.

Game seed: 9786107810538983877

1994 kaeus the Arsonist (level 9, -16/67 HPs)
             Began as a Gargoyle Fire Elementalist on Jan 23, 2021.
             Was a Follower of the Shining One.
             Demolished by Gastronok (21 damage)
             ... on level 9 of the Dungeon.
             The game lasted 00:09:54 (8224 turns).

kaeus the Arsonist (Gargoyle Fire Elementalist)     Turns: 8224, Time: 00:09:54

Health: -16/67     AC: 24    Str: 11    XL:     9   Next: 21%
Magic:  16/16      EV:  2    Int: 20    God:    the Shining One [*.....]
Gold:   381        SH:  0    Dex:  8    Spells: 8/18 levels left

rFire    . . .     SeeInvis .   w - +3 war axe
rCold    + . .     Faith    .   (no shield)
rNeg     + + +     Spirit   .   (armour currently unavailable)
rPois    ∞         Reflect  .   (helmet currently unavailable)
rElec    .         Harm     .   (cloak currently unavailable)
rCorr    .         Rampage  .   (gloves currently unavailable)
Will     .....     NoTele   +   (boots currently unavailable)
Stlth    +.........             (no amulet)
HPRegen  0.21/turn              o - ring of protection from cold
MPRegen  0.15/turn              v - ring of positive energy

@: tree-form, attractive, hasted, glowing, very quick
A: clumsy 1, mutation resistance 1, negative energy resistance 1, petrification
resistance, miasma immunity, AC +6
a: Renounce Religion


You were on level 9 of the Dungeon.
You worshipped the Shining One.
The Shining One was aware of your devotion.
You were a tree.
You visited 2 branches of the dungeon, and saw 10 of its levels.

You collected 381 gold pieces.

Inventory:

Hand Weapons
 w - a +3 war axe (weapon)
Armour
 g - a +1 helmet (melded)
 l - quicksilver dragon scales (melded)
 x - a +0 kite shield
Magical Staves
 q - an uncursed staff of earth
Jewellery
 o - a ring of protection from cold (left branch)
 v - a ring of positive energy (right branch)
Scrolls
 a - 3 scrolls of identify
 c - 8 scrolls of remove curse
 f - 3 scrolls of amnesia
 j - 2 scrolls of enchant armour
Potions
 d - a potion of might
 h - a potion of magic {unknown}
 i - a potion of flight {unknown}
 m - a potion of heal wounds {unknown}
 p - a potion of attraction


   Skills:
 + Level 4.7 Armour
 - Level 1.5 Dodging
 - Level 2.1 Stealth
 + Level 5.2 Spellcasting
 + Level 5.9 Conjurations
 * Level 8.3 Fire Magic


You had 8 spell levels left.
You knew the following spells:

 Your Spells              Type           Power        Failure   Level
a - Foxfire               Conj/Fire      100%         1%          1
b - Sticky Flame          Conj/Fire      33%          6%          4
c - Fireball              Conj/Fire      16%          17%         5

Your spell library contained the following spells:

 Spells                   Type           Power        Failure   Level
 Magic Dart               Conj           100%         1%          1
 Searing Ray              Conj           58%          1%          2
 Conjure Flame            Conj/Fire      33%          1%          3
 Inner Flame              Hex/Fire       21%          6%          3
 Dazzling Flash           Conj/Hex       34%          10%         3
 Fulminant Prism          Conj/Hex       8%           32%         4
 Iskenderun's Mystic Bla  Conj/Tloc      17%          32%         4


Dungeon Overview and Level Annotations

Branches:
Dungeon (10/15)            Temple (1/1) D:7            Lair (0/6) D:10
    Orc (0/2) D:10

Altars:
Ashenzari
Cheibriados
Dithmenos
Elyvilon
Fedhas
Gozag
Hepliaklqana
Kikubaaqudgha
Makhleb
Nemelex Xobeh
Okawaru
Qazlal
Ru
Sif Muna
Trog
Uskayaw
Vehumet
Wu Jian
Xom
Yredelemnul
Zin
The Shining One

Annotations:
D:6 1 runed translucent door, Crazy Yiuf
D:7 3 runed translucent doors, boopsy's ghost, novice GnFi
D:9 Gastronok


Innate Abilities, Weirdness & Mutations

You are resistant to torment.
((Your stone body is resilient. (AC +6)))
You are immune to poison.
You resist negative energy. (rN+)
((You are resistant to electric shocks. (rElec)))
((You can survive without breathing.))
You are immune to petrification.
You are immune to miasma.
You are clumsy. (Dex -2)
You are somewhat resistant to further mutation.


Message History

* * * LOW HITPOINT WARNING * * *
The bullfrog hits you but does no damage.
You take 1 damage, and have 4/67 hp.
You slash the bullfrog!
You kill the bullfrog!
You hear a horrible gurgling sound!
Gastronok the Ponderous comes into view.
He is wearing a +1 hat of willpower.
You and your allies can now gain power from killing the unholy and evil.
You hear a shout! x3
Casting: Foxfire (safe; 1% risk of failure)
Confirm with . or Enter, or press ? or * to list all spells.
Okay, then.
Press: ? - help, v - describe, . - travel
Here: Gastronok, wearing a +1 hat of willpower The floor.
It was a potion of attraction.
You feel attractive to monsters. Gastronok is pulled toward you!
It was a potion of haste.
You feel yourself speed up. Gastronok bites you!!
You die...

....#
...# ....
..# ...
#.# #w#
#♣#
#.......#
#.#######
#.. #..
#..# #..#
...#


You could see Gastronok.

Vanquished Creatures
  Sigmund (D:6)
  A yak (D:10)
  Menkaure (D:6)
  2 sky beasts
  A hornet zombie (D:6)
  A phantom (D:4)
  An ice beast (D:6)
  2 ogres (D:6)
  A centaur (D:5)
  A bullfrog (D:9)
  A water moccasin skeleton (D:7)
  2 scorpions
  4 wights (D:7)
  A howler monkey (D:6)
  3 hounds
  A bullfrog skeleton (D:7)
  An iguana (D:4)
  Terence (D:3)
  2 worker ants
  A hound zombie (D:7)
  A worker ant zombie (D:7)
  11 adders
  2 shadow imps (D:5)
  2 white imps
  An ufetubus (D:5)
  An ooze (D:6)
  2 worms
  An adder skeleton (D:4)
  2 dart slugs
  3 leopard geckos
  2 orcs
  A ball python (D:2)
  5 bats
  3 giant cockroaches
  5 goblins
  2 hobgoblins (D:1)
  5 jackals
  3 kobolds
  3 quokkas
  4 frilled lizards
  5 rats
93 creatures vanquished.

Vanquished Creatures (others)
  342 foxfires
  12 fungi
  9 plants
363 creatures vanquished.

Grand Total: 456 creatures vanquished

Notes
Turn   | Place    | Note
-------+----------+-------------------------------------------
     0 | D:1      | kaeus the Gargoyle Fire Elementalist began the quest for
                  | the Orb.
     0 | D:1      | Reached XP level 1. HP: 10/10 MP: 3/3
   184 | D:1      | Reached XP level 2. HP: 11/15 MP: 0/5
  1332 | D:2      | Reached XP level 3. HP: 19/19 MP: 1/6
  1656 | D:2      | You fall into a shaft and drop 2 floors!
  1667 | D:4      | Reached skill level 4 in Fire Magic
  1667 | D:4      | Reached XP level 4. HP: 24/24 MP: 5/7
  1892 | D:4      | Noticed a phantom
  1907 | D:4      | Killed a phantom
  1908 | D:4      | Reached XP level 5. HP: 26/28 MP: 2/9
  2170 | D:3      | Noticed Terence
  2177 | D:3      | Killed Terence
  2581 | D:3      | Reached skill level 5 in Fire Magic
  2636 | D:3      | Reached XP level 6. HP: 31/32 MP: 3/10
  3036 | D:3      | Gained mutation: You are clumsy. (Dex -2) [potion of
                  | mutation]
  3036 | D:3      | Gained mutation: You are somewhat resistant to further
                  | mutation. [potion of mutation]
  4018 | D:4      | Learned a level 4 spell: Sticky Flame
  4024 | D:4      | Learned a level 5 spell: Fireball
  4053 | D:5      | Entered Level 5 of the Dungeon
  4073 | D:5      | Reached skill level 1 in Armour
  4190 | D:5      | Noticed a sky beast
  4217 | D:5      | Killed a sky beast
  4218 | D:5      | Reached XP level 7. HP: 34/36 MP: 12/12
  4873 | D:5      | Reached skill level 6 in Fire Magic
  5211 | D:6      | Noticed Menkaure
  5217 | D:6      | Killed Menkaure
  5269 | D:6      | Found a stormy altar of Qazlal.
  5327 | D:6      | Reached XP level 8. HP: 12/41 MP: 10/14
  5654 | D:6      | Found a runed translucent door.
  5655 | D:6      | Noticed Crazy Yiuf
  6040 | D:6      | Noticed Sigmund
  6045 | D:6      | Killed Sigmund
  6046 | D:6      | Reached skill level 5 in Conjurations
  6046 | D:6      | Reached skill level 7 in Fire Magic
  6956 | D:7      | Reached skill level 5 in Spellcasting
  7124 | D:7      | Reached XP level 9. HP: 33/45 MP: 14/16
  7330 | D:7      | Reached skill level 8 in Fire Magic
  7406 | D:7      | Found a staircase to the Ecumenical Temple.
  7518 | Temple   | Entered the Ecumenical Temple
  7768 | Temple   | Became a worshipper of the Shining One
  8009 | D:7      | Found a runed translucent gate.
  8009 | D:7      | Found a runed translucent gate.
  8009 | D:7      | Identified the cursed +0 whip "Sehu" {elec, +Blink rC+}
  8009 | D:7      | Noticed boopsy's ghost (novice GnFi)
  8010 | D:7      | Found a runed translucent gate.
  8138 | D:7      | You fall into a shaft and drop 3 floors!
  8138 | D:10     | Entered Level 10 of the Dungeon
  8222 | D:9      | Noticed Gastronok
  8222 | D:9      | Reached * piety under the Shining One
  8224 | D:9      | Demolished by Gastronok

Illustrated notes

Levels and vault maps discovered:
D:1:      dpeg_arrival_renting, layout_rooms
D:2:      layout_loops_corners
D:3:      layout_basic, uniq_terence
D:4:      layout_loops_cross, serial_rivers, chequers_serial_rivers_micro_a,
          chequers_serial_rivers_micro_e, chequers_serial_rivers_small_3,
          chequers_serial_rivers_large_b
D:5:      layout_loops_ring, grunt_ministairs_9
D:6:      layout_basic, nicolae_qazlal_general_emergency,
          uniq_crazy_yiuf_cottage, uniq_sigmund, uniq_menkaure
D:7:      layout_basic, lemuel_temple_firewalk_a, gammafunk_ghost_nasty_kobolds,
          nrook_loot_triangle
D:9:      statuecave_lemuel, layout_basic, minmay_gold_behind_fungi,
          zaba_antful_of_joy, uniq_gastronok
D:10:     layout_basic, grunt_lair_entry_orc_guard_hut, orc_0_dummy
Temple:   nicolae_temple_the_god_donut

Skill      XL: |  1  2  3  4  5  6  7  8  9 |
---------------+----------------------------+-----
Conjurations   | 2 3 4 5 |  5.9
Fire Magic     | 4 5 6 7 8 |  8.3
Spellcasting   | 3 4 5 |  5.2
Armour         | 1 2 4 |  4.7
Dodging        | |  1.5
Stealth        | |  2.1

Action                   |  1- 3 |  4- 6 |  7- 9 || total
-------------------------+-------+-------+-------++-------
Melee: Unarmed           |    16 |       |       ||    16
       Club              |    12 |       |       ||    12
       War axe           |    17 |   134 |   142 ||   293
 Cast: Foxfire           |    55 |    85 |   114 ||   254
  Use: Scroll            |       |     6 |     8 ||    14
       Potion            |       |     1 |     3 ||     4
 Stab: Sleeping          |     1 |       |       ||     1
Armor: Robe              |    17 |     8 |       ||    25
       Quicksilver drago |       |    91 |   119 ||   210
       Skin              |       |       |     3 ||     3
Dodge: Dodged            |    28 |    92 |    96 ||   216
